Saguenéens vs Punishers
Created - May 14, 2017 at 21:31
Goals
|
| Saguenéens |
1 |
2 |
1 |
4 |
| Punishers |
2 |
0 |
0 |
2 |
|
Shots
|
| Saguenéens |
11 |
11 |
11 |
33 |
| Punishers |
11 |
11 |
3 |
25 |
|
1st period
1. Punishers , Tanner Glass 41 (Mike Sauer 37) at 16:13 (PP)
2. Saguenéens , Tyler Kennedy 60 (Brian Sutherby 25, Artemi Panarin 72) at 17:50
3. Punishers , Petteri Nokelainen 26 (Mike Sauer 38) at 19:41 (PP)
Penalties :
Mason Raymond (Chi) for Roughing (Minor) at 15:10, Spencer Machacek (Chi) for Hooking (Minor) at 18:27
2nd period
4. Saguenéens , Tyler Kennedy 61 (Brian Sutherby 26) at 0:06
5. Saguenéens , Mason Raymond 44 (Spencer Machacek 46, Nick Mattson 6) at 16:11
Penalties :
Mike Sauer (Pro) for Hooking (Minor) at 2:15, Mike Blunden (Pro) for Hooking (Minor) at 5:30, Petteri Nokelainen (Pro) for Holding (Minor) at 8:46, Mike Blunden (Pro) for High sticking (Minor) at 19:15
3rd period
6. Saguenéens , Brian Sutherby 22 (Tyler Kennedy 65, Kevin Marshall 41) at 19:36 (Empty Net)
Penalties :
Mike Sauer (Pro) for Tripping (Minor) at 2:19, Mike Sauer (Pro) for Holding (Minor) at 9:27
Goalie Stats
Mike Smith (Chi), 23 saves from 25 shots - (0.920), W, 40-21-5, 60:00 minutes
Kevin Poulin (Pro), 29 saves from 32 shots - (0.906), L, 24-24-3, 59:34 minutes
Players Stats for Saguenéens
Player Name G A P +/- PIM S H SB GA TA FO MP PP MP PK MP
------------------------------------------------------------------------------------
Artemi Panarin 0 1 1 2 0 4 1 1 0 0 2/3 18:33 4:58 0:30
Brendan Ranford 0 0 0 0 0 0 0 0 0 0 0/0 0:00 0:00 0:00
Brett Lebda 0 0 0 2 0 1 1 1 0 1 0/0 27:21 7:53 1:38
Brian Sutherby 1 2 3 3 0 3 3 1 1 0 17/34 23:20 6:56 1:47
Brody Sutter 0 0 0 0 0 0 0 0 0 0 0/0 0:00 0:00 0:00
Carl Hagelin 0 0 0 0 0 1 2 0 1 0 0/0 7:53 0:00 0:00
Craig Cunningham 0 0 0 0 0 0 0 0 0 0 0/0 0:14 0:06 0:00
Dalton Prout 0 0 0 2 0 1 0 0 0 0 0/0 20:17 4:01 0:39
Erik Haula 0 0 0 1 0 1 1 0 0 0 5/11 17:01 4:58 0:00
Jerry D'Amigo 0 0 0 0 0 0 0 0 0 0 0/0 0:03 0:00 0:03
Juraj Mikus 0 0 0 0 0 3 1 0 0 0 1/6 11:16 0:00 0:00
Justin Florek 0 0 0 0 0 0 0 0 0 0 0/0 0:00 0:00 0:00
Kevin Marshall 0 1 1 2 0 1 0 2 0 0 0/0 25:19 7:53 1:38
Luke Witkowski 0 0 0 2 0 3 3 0 0 0 0/0 19:47 4:01 0:39
Mason Raymond 1 0 1 2 2 2 2 3 2 0 1/1 20:57 6:56 0:27
Nick Mattson 0 1 1 0 0 0 0 0 0 0 0/0 11:26 0:00 0:00
Rhett Rakhshani 0 0 0 0 0 2 1 1 1 0 0/0 7:53 0:00 0:00
Roman Josi 0 0 0 0 0 0 0 0 0 0 0/0 11:55 0:00 0:00
Sam Carrick 0 0 0 0 0 0 1 0 0 0 1/2 7:53 0:00 0:00
Spencer Machacek 0 1 1 1 2 2 3 1 1 0 1/1 17:00 4:58 0:00
Teemu Pulkkinen 0 0 0 0 0 0 0 0 0 0 0/0 0:00 0:00 0:00
Tim Kennedy 0 0 0 0 0 1 2 1 0 0 1/1 11:16 0:00 0:00
Trevor Van Riemsdyk 0 0 0 0 0 0 0 0 0 0 0/0 3:55 0:00 0:00
Tyler Kennedy 2 1 3 3 0 6 6 0 0 0 2/7 23:06 6:50 1:47
Tyler Pitlick 0 0 0 0 0 2 3 0 1 1 0/0 11:16 0:00 0:00
Players Stats for Punishers
Player Name G A P +/- PIM S H SB GA TA FO MP PP MP PK MP
------------------------------------------------------------------------------------
Adam McQuaid 0 0 0 -3 0 2 2 4 0 0 0/0 31:05 1:45 7:18
Alex Petrovic 0 0 0 -1 0 1 1 1 0 1 0/0 22:59 0:32 5:12
Boone Jenner 0 0 0 0 0 1 0 0 0 0 0/0 8:40 0:00 0:03
Brandon McMillan 0 0 0 0 0 1 0 0 0 0 2/2 6:31 0:00 0:00
Casey Cizikas 0 0 0 0 0 3 2 1 0 0 3/4 11:46 0:00 0:53
Dylan DeMelo 0 0 0 0 0 0 1 0 0 0 0/0 13:10 0:00 1:40
Frazer Mclaren 0 0 0 0 0 1 1 0 0 0 0/1 11:55 0:00 3:40
Luke Adam 0 0 0 -1 0 2 2 1 0 1 3/12 13:42 0:48 0:00
Matt Mackenzie 0 0 0 -1 0 1 1 1 0 2 0/0 22:34 0:32 5:51
Michael Ferland 0 0 0 0 0 0 0 0 0 0 0/0 2:09 0:00 1:24
Miikka Salomaki 0 0 0 -1 0 1 5 1 0 0 1/1 13:55 0:48 0:00
Mike Blunden 0 0 0 -2 4 2 4 2 0 0 0/0 17:25 1:29 0:00
Mike Sauer 0 2 2 -3 6 1 3 1 1 1 0/0 26:06 1:45 3:41
Petteri Nokelainen 1 0 1 -3 2 3 3 0 1 1 18/30 20:04 1:29 2:54
Philippe Paradis 0 0 0 -1 0 0 0 0 0 0 0/0 4:27 0:00 1:38
Quinton Howden 0 0 0 0 0 0 0 0 0 0 0/0 3:08 0:00 0:00
Radek Smolenak 0 0 0 0 0 1 1 0 0 0 0/0 6:31 0:00 0:00
Ryan Malone 0 0 0 -3 0 1 3 1 0 1 6/13 28:09 1:29 6:38
Tanner Glass 1 0 1 -1 0 4 2 1 0 0 2/3 23:44 0:48 6:44
3 Stars
1 - Tyler Kennedy (Chi)
2 - Brian Sutherby (Chi)
3 - Mason Raymond (Chi)
Power Play
Saguenéens - 0 on 6 Attempt(s) - 0.00%
Punishers - 2 on 2 Attempt(s) - 100.00%
Penalty Kill
Saguenéens - 0 on 2 Attempt(s) - 0.00%
- Score 0 goal in Penalty Kill
Punishers - 6 on 6 Attempt(s) - 100.00%
- Score 0 goal in Penalty Kill
Team Stat
Saguenéens - Hits : 30 - Faceoff Wins : 31 - Blocked Shots : 11 - Penalty Minutes : 4
Punishers - Hits : 31 - Faceoff Wins : 35 - Blocked Shots : 14 - Penalty Minutes : 12
Official
Referees : Joannette Marc and Martell Rob
Linesman : Don Henderson and Tim Nowak
Game Notes
Brian Sutherby has scored in a empty net!
Finance
Level 1 -- Attendance: 1466 (73.30%) -- Ticket Income $51,310
Level 2 -- Attendance: 690 (69.00%) -- Ticket Income $10,350
Total Attendance: 2156 (71.87%)
Total Ticket Income: $61,660
Other Income: $3,083
Total Income: $64,743
Saguenéens
5 vs 5 Forward
Center Left Wing Right Wing Time % Phy DF OF
1 Brian Sutherby Artemi Panarin Tyler Kennedy 40 1 2 2
2 Erik Haula Mason Raymond Spencer Machacek 30 1 2 2
3 Juraj Mikus Tim Kennedy Tyler Pitlick 20 1 2 2
4 Sam Carrick Carl Hagelin Rhett Rakhshani 10 1 2 2
5 vs 5 Defense
Defense Defense Time % Phy DF OF
1 Brett Lebda Kevin Marshall 40 1 2 2
2 Dalton Prout Luke Witkowski 30 1 2 2
3 Roman Josi Nick Mattson 20 1 2 2
4 Trevor Van Riemsdyk Brett Lebda 10 1 2 2
PowerPlay Forward
Center Left Wing Right Wing Time % Phy DF OF
1 Brian Sutherby Mason Raymond Tyler Kennedy 60 1 2 2
2 Erik Haula Artemi Panarin Spencer Machacek 40 1 2 2
PowerPlay Defense
Defense Defense Time % Phy DF OF
1 Brett Lebda Kevin Marshall 60 1 2 2
2 Dalton Prout Luke Witkowski 40 1 2 2
Penalty Kill 4 Players Forward
Center Wing Time % Phy DF OF
1 Tyler Kennedy Brian Sutherby 60 1 2 2
2 Mason Raymond Artemi Panarin 40 1 2 2
Penalty Kill 4 Players Defense
Defense Defense Time % Phy DF OF
1 Brett Lebda Kevin Marshall 60 1 2 2
2 Dalton Prout Luke Witkowski 40 1 2 2
Penalty Kill - 3 Players Forward
Forward Time % Phy DF OF
1 Tyler Kennedy 60 1 2 2
2 Brian Sutherby 40 1 2 2
Penalty Kill - 3 Players Defense
Defense Defense Time % Phy DF OF
1 Brett Lebda Kevin Marshall 60 1 2 2
2 Dalton Prout Luke Witkowski 40 1 2 2
4 vs 4 Forward
Center Wing Time % Phy DF OF
1 Tyler Kennedy Brian Sutherby 60 1 2 2
2 Mason Raymond Artemi Panarin 40 1 2 2
4 vs 4 Defense
Defense Defense Time % Phy DF OF
1 Brett Lebda Kevin Marshall 60 1 2 2
2 Dalton Prout Luke Witkowski 40 1 2 2
Last Minutes Offensive
Center Left Wing Right Wing Defense Defense
Brian Sutherby Mason Raymond Tyler Kennedy Brett Lebda Kevin Marshall
Last Minutes Defensive
Center Left Wing Right Wing Defense Defense
Brian Sutherby Mason Raymond Tyler Kennedy Brett Lebda Kevin Marshall
Goaltenders
Starting : Mike Smith
Backup : Martin Jones
Extra Forwards
Normal : Craig Cunningham, Justin Florek, Jerry D'Amigo - PP : Craig Cunningham, Justin Florek - PK : Jerry D'Amigo
Extra Defensemen
Normal : Roman Josi, Nick Mattson, Trevor Van Riemsdyk - PP : Roman Josi - PK : Nick Mattson, Trevor Van Riemsdyk
Penalty Shots
Tyler Kennedy, Brian Sutherby, Mason Raymond, Artemi Panarin, Spencer Machacek
Scratches
Garret Sparks (Healthy), Anton Khudobin (Healthy)
Punishers
5 vs 5 Forward
Center Left Wing Right Wing Time % Phy DF OF
1 Petteri Nokelainen Ryan Malone Mike Blunden 40 1 2 2
2 Luke Adam Tanner Glass Miikka Salomaki 30 1 2 2
3 Casey Cizikas Frazer Mclaren Ryan Malone 20 1 2 2
4 Brandon McMillan Radek Smolenak Tanner Glass 10 1 2 2
5 vs 5 Defense
Defense Defense Time % Phy DF OF
1 Adam McQuaid Mike Sauer 40 1 2 2
2 Alex Petrovic Matt Mackenzie 30 1 2 2
3 Dylan DeMelo Adam McQuaid 20 1 2 2
4 Mike Sauer Alex Petrovic 10 1 2 2
PowerPlay Forward
Center Left Wing Right Wing Time % Phy DF OF
1 Petteri Nokelainen Ryan Malone Mike Blunden 60 1 2 2
2 Luke Adam Tanner Glass Miikka Salomaki 40 1 2 2
PowerPlay Defense
Defense Defense Time % Phy DF OF
1 Adam McQuaid Mike Sauer 60 1 2 2
2 Alex Petrovic Matt Mackenzie 40 1 2 2
Penalty Kill 4 Players Forward
Center Wing Time % Phy DF OF
1 Ryan Malone Tanner Glass 60 1 2 2
2 Petteri Nokelainen Frazer Mclaren 40 1 2 2
Penalty Kill 4 Players Defense
Defense Defense Time % Phy DF OF
1 Adam McQuaid Mike Sauer 60 1 2 2
2 Alex Petrovic Matt Mackenzie 40 1 2 2
Penalty Kill - 3 Players Forward
Forward Time % Phy DF OF
1 Ryan Malone 60 1 2 2
2 Tanner Glass 40 1 2 2
Penalty Kill - 3 Players Defense
Defense Defense Time % Phy DF OF
1 Adam McQuaid Mike Sauer 60 1 2 2
2 Alex Petrovic Matt Mackenzie 40 1 2 2
4 vs 4 Forward
Center Wing Time % Phy DF OF
1 Ryan Malone Tanner Glass 60 1 2 2
2 Petteri Nokelainen Frazer Mclaren 40 1 2 2
4 vs 4 Defense
Defense Defense Time % Phy DF OF
1 Adam McQuaid Mike Sauer 60 1 2 2
2 Alex Petrovic Matt Mackenzie 40 1 2 2
Last Minutes Offensive
Center Left Wing Right Wing Defense Defense
Petteri Nokelainen Ryan Malone Mike Blunden Adam McQuaid Mike Sauer
Last Minutes Defensive
Center Left Wing Right Wing Defense Defense
Petteri Nokelainen Ryan Malone Mike Blunden Adam McQuaid Mike Sauer
Goaltenders
Starting : Kevin Poulin
Backup : Niklas Svedberg
Extra Forwards
Normal : Boone Jenner, Quinton Howden, Philippe Paradis - PP : Boone Jenner, Quinton Howden - PK : Philippe Paradis
Extra Defensemen
Normal : Dylan DeMelo, Matt Mackenzie, Adam McQuaid - PP : Dylan DeMelo - PK : Matt Mackenzie, Adam McQuaid
Penalty Shots
Ryan Malone, Tanner Glass, Petteri Nokelainen, Frazer Mclaren, Luke Adam
Scratches
Simon Despres (Left Hip Injury), Justin Falk (Healthy), Louis Domingue (Healthy)
% Time on Ice - Saguenéens
Lines # - Real PCT - Wanted PCT - Time Play
Normal Forward
1 - 31% - 40% - 13:45
2 - 27% - 30% - 12:03
3 - 25% - 20% - 11:16
4 - 18% - 10% - 7:53
Normal Defense
1 - 34% - 40% - 15:19
2 - 33% - 30% - 14:44
3 - 25% - 20% - 11:26
4 - 8% - 10% - 3:28
PP Forward
1 - 58% - 60% - 6:56
2 - 42% - 40% - 4:58
PP Defense
1 - 66% - 60% - 7:53
2 - 34% - 40% - 4:01
PK Forward
1 - 78% - 60% - 1:47
2 - 22% - 40% - 0:30
PK Defense
1 - 72% - 60% - 1:38
2 - 28% - 40% - 0:39
PK3 Forward
1 - 0% - 60%
2 - 0% - 40%
PK3 Defense
1 - 0% - 60%
2 - 0% - 40%
44 Forward
1 - 0% - 60%
2 - 0% - 40%
44 Defense
1 - 0% - 60%
2 - 0% - 40%
Last Minute Offensive - 0:00
Last Minute Defensive - 0:52
Total
Forward - 60:00
Defense - 60:00
|
% Time on Ice - Punishers
Lines # - Real PCT - Wanted PCT - Time Play
Normal Forward
1 - 36% - 40% - 16:05
2 - 31% - 30% - 14:06
3 - 18% - 20% - 8:15
4 - 14% - 10% - 6:31
Normal Defense
1 - 37% - 40% - 16:34
2 - 34% - 30% - 15:18
3 - 21% - 20% - 9:22
4 - 8% - 10% - 3:43
PP Forward
1 - 65% - 60% - 1:29
2 - 35% - 40% - 0:48
PP Defense
1 - 77% - 60% - 1:45
2 - 23% - 40% - 0:32
PK Forward
1 - 69% - 60% - 8:14
2 - 31% - 40% - 3:40
PK Defense
1 - 66% - 60% - 7:54
2 - 34% - 40% - 4:00
PK3 Forward
1 - 0% - 60%
2 - 0% - 40%
PK3 Defense
1 - 0% - 60%
2 - 0% - 40%
44 Forward
1 - 0% - 60%
2 - 0% - 40%
44 Defense
1 - 0% - 60%
2 - 0% - 40%
Last Minute Offensive - 0:52
Last Minute Defensive - 0:00
Total
Forward - 60:00
Defense - 60:00
|
Play by Play
1st period
0:01 of 1st period - Petteri Nokelainen wins face-off versus Brian Sutherby in neutral zone.
0:06 of 1st period - Wrist shot by Mike Blunden.
0:06 of 1st period - Stopped by Mike Smith with a rebound.
0:08 of 1st period - Snap shot by Mike Blunden.
0:08 of 1st period - Shot Blocked by Kevin Marshall.
1:00 of 1st period - Backhand shot by Tyler Pitlick.
1:00 of 1st period - Shot Blocked by Ryan Malone.
1:30 of 1st period - Wrist shot by Casey Cizikas.
1:30 of 1st period - Shot Misses the Net.
2:42 of 1st period - Tyler Kennedy is hit by Adam McQuaid and loses puck.
2:51 of 1st period - Mike Blunden is hit by Brian Sutherby and loses puck.
3:38 of 1st period - Snap shot by Juraj Mikus.
3:38 of 1st period - Shot Blocked by Mike Blunden.
3:40 of 1st period - Snap shot by Juraj Mikus.
3:40 of 1st period - Stopped by Kevin Poulin with a rebound.
3:58 of 1st period - Adam McQuaid is hit by Luke Witkowski and loses puck.
4:17 of 1st period - Spencer Machacek is hit by Miikka Salomaki and loses puck.
4:51 of 1st period - Brandon McMillan is hit by Tyler Kennedy and loses puck.
5:44 of 1st period - Luke Adam is hit by Artemi Panarin.
6:16 of 1st period - Icing by Brandon McMillan.
6:17 of 1st period - Tanner Glass wins face-off versus Brian Sutherby in Punishers zone.
6:32 of 1st period - Brian Sutherby is hit by Petteri Nokelainen and loses puck.
6:51 of 1st period - Brett Lebda is hit by Miikka Salomaki and loses puck.
7:04 of 1st period - Kevin Marshall is hit by Dylan DeMelo and loses puck.
7:49 of 1st period - Brian Sutherby is hit by Miikka Salomaki and loses puck.
8:00 of 1st period - Ryan Malone is hit by Mason Raymond and loses puck.
8:09 of 1st period - Slapshot by Mason Raymond.
8:09 of 1st period - Shot Misses the Net.
8:23 of 1st period - Adam McQuaid is hit by Tim Kennedy.
8:36 of 1st period - Tim Kennedy is hit by Matt Mackenzie and loses puck.
8:58 of 1st period - Mike Blunden is hit by Carl Hagelin and loses puck.
9:33 of 1st period - Erik Haula is hit by Casey Cizikas and loses puck.
9:59 of 1st period - Slapshot by Juraj Mikus.
9:59 of 1st period - Shot Hit the Post.
10:43 of 1st period - Snap shot by Artemi Panarin.
10:43 of 1st period - Stopped by Kevin Poulin without a rebound.
10:44 of 1st period - Brian Sutherby wins face-off versus Luke Adam in Punishers zone.
10:47 of 1st period - Snap shot by Brian Sutherby.
10:47 of 1st period - Deflect By Tanner Glass.
10:47 of 1st period - Stopped by Kevin Poulin without a rebound.
10:48 of 1st period - Brian Sutherby wins face-off versus Luke Adam in Punishers zone.
11:15 of 1st period - Off-side.
11:16 of 1st period - Petteri Nokelainen wins face-off versus Erik Haula in neutral zone.
11:27 of 1st period - Snap shot by Ryan Malone.
11:27 of 1st period - Stopped by Mike Smith with a rebound.
11:29 of 1st period - Snap shot by Mike Sauer.
11:29 of 1st period - Stopped by Mike Smith with a rebound.
11:50 of 1st period - Luke Witkowski is hit by Luke Adam and loses puck.
12:46 of 1st period - Alex Petrovic is hit by Tyler Pitlick and loses puck.
12:51 of 1st period - Snap shot by Juraj Mikus.
12:51 of 1st period - Stopped by Kevin Poulin with a rebound.
12:57 of 1st period - Snap shot by Tyler Pitlick.
12:57 of 1st period - Stopped by Kevin Poulin without a rebound.
12:58 of 1st period - Brian Sutherby wins face-off versus Luke Adam in Punishers zone.
13:03 of 1st period - Snap shot by Tyler Kennedy.
13:03 of 1st period - Shot Misses the Net.
13:11 of 1st period - Snap shot by Tyler Kennedy.
13:11 of 1st period - Shot Blocked by Tanner Glass.
13:28 of 1st period - Brett Lebda is hit by Mike Blunden and loses puck.
13:43 of 1st period - Wrist shot by Tanner Glass.
13:43 of 1st period - Stopped by Mike Smith with a rebound.
14:42 of 1st period - Slapshot by Rhett Rakhshani.
14:42 of 1st period - Stopped by Kevin Poulin with a rebound.
14:44 of 1st period - Slapshot by Luke Witkowski.
14:44 of 1st period - Stopped by Kevin Poulin with a rebound.
14:46 of 1st period - Snap shot by Dalton Prout.
14:46 of 1st period - Stopped by Kevin Poulin with a rebound.
14:48 of 1st period - Slapshot by Sam Carrick.
14:48 of 1st period - Shot Misses the Net.
14:50 of 1st period - Slapshot by Rhett Rakhshani.
14:50 of 1st period - Stopped by Kevin Poulin without a rebound.
14:51 of 1st period - Petteri Nokelainen wins face-off versus Erik Haula in Punishers zone.
15:02 of 1st period - Snap shot by Mason Raymond.
15:02 of 1st period - Shot Misses the Net.
15:10 of 1st period - Minor Penalty to Mason Raymond for Roughing.
15:11 of 1st period - Petteri Nokelainen wins face-off versus Tyler Kennedy in Saguenéens zone.
15:14 of 1st period - Snap shot by Ryan Malone.
15:14 of 1st period - Deflect By Mike Blunden.
15:14 of 1st period - Stopped by Mike Smith with a rebound.
15:16 of 1st period - Slapshot by Adam McQuaid.
15:16 of 1st period - Stopped by Mike Smith without a rebound.
15:17 of 1st period - Petteri Nokelainen wins face-off versus Tyler Kennedy in Saguenéens zone.
15:24 of 1st period - Snap shot by Petteri Nokelainen.
15:24 of 1st period - Deflect By Mike Blunden.
15:24 of 1st period - Shot Blocked by Brian Sutherby.
15:24 of 1st period - Puck is out of play.
15:25 of 1st period - Petteri Nokelainen wins face-off versus Tyler Kennedy in Saguenéens zone.
15:40 of 1st period - Wrist shot by Petteri Nokelainen.
15:40 of 1st period - Stopped by Mike Smith without a rebound.
15:41 of 1st period - Tyler Kennedy wins face-off versus Petteri Nokelainen in Saguenéens zone.
15:46 of 1st period - Wrist shot by Tyler Kennedy.
15:46 of 1st period - Stopped by Kevin Poulin with a rebound.
16:13 of 1st period - Snap shot by Tanner Glass.
16:13 of 1st period - Goal by Tanner Glass - Saguenéens : 0 - Punishers : 1.
16:14 of 1st period - Petteri Nokelainen wins face-off versus Artemi Panarin in neutral zone.
16:39 of 1st period - Luke Adam is hit by Brett Lebda and loses puck.
17:00 of 1st period - Icing by Brett Lebda.
17:01 of 1st period - Erik Haula wins face-off versus Frazer Mclaren in Saguenéens zone.
17:34 of 1st period - Snap shot by Casey Cizikas.
17:34 of 1st period - Shot Misses the Net.
17:38 of 1st period - Wrist shot by Casey Cizikas.
17:38 of 1st period - Stopped by Mike Smith without a rebound.
17:39 of 1st period - Brian Sutherby wins face-off versus Luke Adam in Saguenéens zone.
17:50 of 1st period - Snap shot by Tyler Kennedy.
17:50 of 1st period - Deflect By Luke Adam.
17:50 of 1st period - Goal by Tyler Kennedy - Saguenéens : 1 - Punishers : 1.
17:51 of 1st period - Artemi Panarin wins face-off versus Petteri Nokelainen in neutral zone.
18:27 of 1st period - Minor Penalty to Spencer Machacek for Hooking.
18:28 of 1st period - Tyler Kennedy wins face-off versus Ryan Malone in Saguenéens zone.
18:59 of 1st period - Off-side.
19:00 of 1st period - Mason Raymond wins face-off versus Luke Adam in neutral zone.
19:16 of 1st period - Snap shot by Tanner Glass.
19:16 of 1st period - Stopped by Mike Smith with a rebound.
19:31 of 1st period - Off-side.
19:32 of 1st period - Petteri Nokelainen wins face-off versus Tyler Kennedy in neutral zone.
19:41 of 1st period - Snap shot by Petteri Nokelainen.
19:41 of 1st period - Goal by Petteri Nokelainen - Saguenéens : 1 - Punishers : 2.
19:42 of 1st period - Petteri Nokelainen wins face-off versus Brian Sutherby in neutral zone.
19:45 of 1st period - Slapshot by Mike Sauer.
19:45 of 1st period - Deflect By Petteri Nokelainen.
19:45 of 1st period - Shot Misses the Net.
19:45 of 1st period - Puck is out of play.
19:46 of 1st period - Brian Sutherby wins face-off versus Petteri Nokelainen in Saguenéens zone.
19:58 of 1st period - Icing by Ryan Malone.
19:59 of 1st period - Petteri Nokelainen wins face-off versus Brian Sutherby in Punishers zone.
Goals for this period are 1 for Saguenéens vs 2 for Punishers.
Shots for this period are 11 for Saguenéens vs 11 for Punishers.
2nd period
0:01 of 2nd period - Brian Sutherby wins face-off versus Petteri Nokelainen in neutral zone.
0:06 of 2nd period - Slapshot by Tyler Kennedy.
0:06 of 2nd period - Goal by Tyler Kennedy - Saguenéens : 2 - Punishers : 2.
0:07 of 2nd period - Petteri Nokelainen wins face-off versus Tyler Kennedy in neutral zone.
0:15 of 2nd period - Off-side.
0:16 of 2nd period - Brian Sutherby wins face-off versus Petteri Nokelainen in neutral zone.
0:23 of 2nd period - Dalton Prout is hit by Mike Blunden.
0:27 of 2nd period - Slapshot by Luke Witkowski.
0:27 of 2nd period - Stopped by Kevin Poulin with a rebound.
0:29 of 2nd period - Slapshot by Luke Witkowski.
0:29 of 2nd period - Shot Misses the Net.
0:55 of 2nd period - Slapshot by Tyler Kennedy.
0:55 of 2nd period - Shot Blocked by Adam McQuaid.
0:57 of 2nd period - Snap shot by Artemi Panarin.
0:57 of 2nd period - Stopped by Kevin Poulin without a rebound.
0:58 of 2nd period - Erik Haula wins face-off versus Luke Adam in Punishers zone.
1:25 of 2nd period - Icing by Kevin Marshall.
1:26 of 2nd period - Casey Cizikas wins face-off versus Juraj Mikus in Saguenéens zone.
1:31 of 2nd period - Slapshot by Adam McQuaid.
1:31 of 2nd period - Stopped by Mike Smith without a rebound.
1:32 of 2nd period - Brian Sutherby wins face-off versus Luke Adam in Saguenéens zone.
2:15 of 2nd period - Minor Penalty to Mike Sauer for Hooking.
2:16 of 2nd period - Brian Sutherby wins face-off versus Ryan Malone in Punishers zone.
3:13 of 2nd period - Alex Petrovic is hit by Tyler Kennedy and loses puck.
4:15 of 2nd period - Penalty to Mike Sauer is over, Mike Sauer is back on ice.
4:25 of 2nd period - Wrist shot by Mike Sauer.
4:25 of 2nd period - Shot Misses the Net.
4:27 of 2nd period - Backhand shot by Casey Cizikas.
4:27 of 2nd period - Stopped by Mike Smith with a rebound.
4:29 of 2nd period - Slapshot by Boone Jenner.
4:29 of 2nd period - Stopped by Mike Smith without a rebound.
4:30 of 2nd period - Sam Carrick wins face-off versus Luke Adam in Saguenéens zone.
4:30 of 2nd period - Sam Carrick is hit by Mike Sauer.
4:40 of 2nd period - Snap shot by Carl Hagelin.
4:40 of 2nd period - Stopped by Kevin Poulin with a rebound.
4:53 of 2nd period - Off-side.
4:54 of 2nd period - Petteri Nokelainen wins face-off versus Juraj Mikus in neutral zone.
5:21 of 2nd period - Snap shot by Tyler Kennedy.
5:21 of 2nd period - Shot Misses the Net.
5:23 of 2nd period - Slapshot by Luke Witkowski.
5:23 of 2nd period - Shot Blocked by Miikka Salomaki.
5:25 of 2nd period - Backhand shot by Dalton Prout.
5:25 of 2nd period - Deflect By Brian Sutherby.
5:25 of 2nd period - Shot Blocked by Alex Petrovic.
5:25 of 2nd period - Puck is out of play.
5:26 of 2nd period - Erik Haula wins face-off versus Petteri Nokelainen in Punishers zone.
5:30 of 2nd period - Minor Penalty to Mike Blunden for Hooking.
5:31 of 2nd period - Brian Sutherby wins face-off versus Ryan Malone in Punishers zone.
7:30 of 2nd period - Penalty to Mike Blunden is over, Mike Blunden is back on ice.
8:02 of 2nd period - Off-side.
8:03 of 2nd period - Petteri Nokelainen wins face-off versus Juraj Mikus in neutral zone.
8:30 of 2nd period - Casey Cizikas is hit by Sam Carrick.
8:36 of 2nd period - Dalton Prout is hit by Frazer Mclaren and loses puck.
8:46 of 2nd period - Minor Penalty to Petteri Nokelainen for Holding.
8:47 of 2nd period - Ryan Malone wins face-off versus Brian Sutherby in Punishers zone.
8:57 of 2nd period - Tanner Glass is hit by Brian Sutherby and loses puck.
9:19 of 2nd period - Adam McQuaid is hit by Erik Haula and loses puck.
10:46 of 2nd period - Penalty to Petteri Nokelainen is over, Petteri Nokelainen is back on ice.
11:00 of 2nd period - Miikka Salomaki is hit by Tyler Pitlick and loses puck.
11:25 of 2nd period - Snap shot by Carl Hagelin.
11:25 of 2nd period - Shot Misses the Net.
11:35 of 2nd period - Slapshot by Ryan Malone.
11:35 of 2nd period - Deflect By Casey Cizikas.
11:35 of 2nd period - Stopped by Mike Smith with a rebound.
11:45 of 2nd period - Juraj Mikus is hit by Miikka Salomaki and loses puck.
11:54 of 2nd period - Snap shot by Luke Adam.
11:54 of 2nd period - Stopped by Mike Smith without a rebound.
11:55 of 2nd period - Casey Cizikas wins face-off versus Sam Carrick in Saguenéens zone.
12:00 of 2nd period - Wrist shot by Casey Cizikas.
12:00 of 2nd period - Shot Blocked by Rhett Rakhshani.
12:33 of 2nd period - Slapshot by Spencer Machacek.
12:33 of 2nd period - Stopped by Kevin Poulin without a rebound.
12:34 of 2nd period - Brian Sutherby wins face-off versus Tanner Glass in Punishers zone.
12:49 of 2nd period - Snap shot by Artemi Panarin.
12:49 of 2nd period - Stopped by Kevin Poulin with a rebound.
12:59 of 2nd period - Kevin Marshall is hit by Tanner Glass and loses puck.
13:04 of 2nd period - Snap shot by Tanner Glass.
13:04 of 2nd period - Shot Misses the Net.
13:14 of 2nd period - Brett Lebda is hit by Mike Blunden and loses puck.
13:27 of 2nd period - Slapshot by Brett Lebda.
13:27 of 2nd period - Deflect By Petteri Nokelainen.
13:27 of 2nd period - Stopped by Kevin Poulin without a rebound.
13:28 of 2nd period - Juraj Mikus wins face-off versus Petteri Nokelainen in Punishers zone.
13:53 of 2nd period - Tanner Glass is hit by Brian Sutherby and loses puck.
14:00 of 2nd period - Snap shot by Tyler Kennedy.
14:00 of 2nd period - Shot Blocked by Luke Adam.
14:02 of 2nd period - Wrist shot by Tyler Kennedy.
14:02 of 2nd period - Deflect By Artemi Panarin.
14:02 of 2nd period - Stopped by Kevin Poulin with a rebound.
14:04 of 2nd period - Snap shot by Brian Sutherby.
14:04 of 2nd period - Shot Blocked by Adam McQuaid.
14:16 of 2nd period - Slapshot by Mike Sauer.
14:16 of 2nd period - Shot Blocked by Mason Raymond.
14:22 of 2nd period - Snap shot by Erik Haula.
14:22 of 2nd period - Shot Misses the Net.
14:24 of 2nd period - Snap shot by Roman Josi.
14:24 of 2nd period - Shot Blocked by Casey Cizikas.
14:44 of 2nd period - Wrist shot by Tanner Glass.
14:44 of 2nd period - Shot Misses the Net.
14:46 of 2nd period - Backhand shot by Matt Mackenzie.
14:46 of 2nd period - Shot Blocked by Tim Kennedy.
14:56 of 2nd period - Petteri Nokelainen is hit by Tyler Kennedy and loses puck.
15:28 of 2nd period - Snap shot by Brandon McMillan.
15:28 of 2nd period - Stopped by Mike Smith with a rebound.
15:30 of 2nd period - Slapshot by Casey Cizikas.
15:30 of 2nd period - Shot Misses the Net.
15:36 of 2nd period - Wrist shot by Radek Smolenak.
15:36 of 2nd period - Stopped by Mike Smith without a rebound.
15:37 of 2nd period - Luke Adam wins face-off versus Brian Sutherby in Saguenéens zone.
15:38 of 2nd period - Snap shot by Tanner Glass.
15:38 of 2nd period - Shot Blocked by Artemi Panarin.
15:40 of 2nd period - Wrist shot by Miikka Salomaki.
15:40 of 2nd period - Stopped by Mike Smith without a rebound.
15:41 of 2nd period - Luke Adam wins face-off versus Brian Sutherby in Saguenéens zone.
16:04 of 2nd period - Alex Petrovic is hit by Mason Raymond and loses puck.
16:11 of 2nd period - Snap shot by Spencer Machacek.
16:11 of 2nd period - Deflect By Mason Raymond.
16:11 of 2nd period - Goal by Mason Raymond - Saguenéens : 3 - Punishers : 2.
16:12 of 2nd period - Petteri Nokelainen wins face-off versus Brian Sutherby in neutral zone.
16:21 of 2nd period - Snap shot by Brett Lebda.
16:21 of 2nd period - Shot Blocked by Mike Sauer.
16:23 of 2nd period - Slapshot by Kevin Marshall.
16:23 of 2nd period - Deflect By Mike Blunden.
16:23 of 2nd period - Stopped by Kevin Poulin without a rebound.
16:24 of 2nd period - Brian Sutherby wins face-off versus Petteri Nokelainen in Punishers zone.
16:49 of 2nd period - Erik Haula is hit by Tanner Glass and loses puck.
16:54 of 2nd period - Backhand shot by Tanner Glass.
16:54 of 2nd period - Stopped by Mike Smith without a rebound.
16:55 of 2nd period - Brandon McMillan wins face-off versus Erik Haula in Saguenéens zone.
17:12 of 2nd period - Slapshot by Tanner Glass.
17:12 of 2nd period - Shot Blocked by Mason Raymond.
17:14 of 2nd period - Wrist shot by Brandon McMillan.
17:14 of 2nd period - Shot Blocked by Mason Raymond.
17:16 of 2nd period - Wrist shot by Alex Petrovic.
17:16 of 2nd period - Stopped by Mike Smith without a rebound.
17:17 of 2nd period - Artemi Panarin wins face-off versus Petteri Nokelainen in Saguenéens zone.
17:42 of 2nd period - Mike Sauer is hit by Spencer Machacek and loses puck.
18:37 of 2nd period - Icing by Mike Blunden.
18:38 of 2nd period - Brian Sutherby wins face-off versus Petteri Nokelainen in Punishers zone.
19:12 of 2nd period - Wrist shot by Erik Haula.
19:12 of 2nd period - Stopped by Kevin Poulin without a rebound.
19:13 of 2nd period - Petteri Nokelainen wins face-off versus Brian Sutherby in Punishers zone.
19:15 of 2nd period - Minor Penalty to Mike Blunden for High sticking.
19:16 of 2nd period - Ryan Malone wins face-off versus Brian Sutherby in Punishers zone.
19:48 of 2nd period - Wrist shot by Petteri Nokelainen.
19:48 of 2nd period - Deflect By Frazer Mclaren.
19:48 of 2nd period - Stopped by Mike Smith with a rebound.
19:51 of 2nd period - Icing by Brett Lebda.
19:52 of 2nd period - Spencer Machacek wins face-off versus Ryan Malone in Saguenéens zone.
Goals for this period are 2 for Saguenéens vs 0 for Punishers.
Shots for this period are 11 for Saguenéens vs 11 for Punishers.
3rd period
0:01 of 3rd period - Ryan Malone wins face-off versus Brian Sutherby in neutral zone.
0:04 of 3rd period - Mason Raymond is hit by Ryan Malone and loses puck.
0:28 of 3rd period - Off-side.
0:29 of 3rd period - Petteri Nokelainen wins face-off versus Erik Haula in neutral zone.
0:32 of 3rd period - Artemi Panarin is hit by Petteri Nokelainen and loses puck.
0:55 of 3rd period - Matt Mackenzie is hit by Luke Witkowski and loses puck.
1:00 of 3rd period - Wrist shot by Brian Sutherby.
1:00 of 3rd period - Stopped by Kevin Poulin without a rebound.
1:01 of 3rd period - Ryan Malone wins face-off versus Brian Sutherby in Punishers zone.
1:15 of 3rd period - Penalty to Mike Blunden is over, Mike Blunden is back on ice.
1:44 of 3rd period - Snap shot by Mason Raymond.
1:44 of 3rd period - Shot Blocked by Mike Blunden.
1:46 of 3rd period - Snap shot by Brian Sutherby.
1:46 of 3rd period - Shot Misses the Net.
1:48 of 3rd period - Slapshot by Brett Lebda.
1:48 of 3rd period - Deflect By Tyler Kennedy.
1:48 of 3rd period - Stopped by Kevin Poulin without a rebound.
1:49 of 3rd period - Tim Kennedy wins face-off versus Luke Adam in Punishers zone.
1:50 of 3rd period - Backhand shot by Juraj Mikus.
1:50 of 3rd period - Stopped by Kevin Poulin without a rebound.
1:51 of 3rd period - Luke Adam wins face-off versus Juraj Mikus in Punishers zone.
1:51 of 3rd period - Luke Adam is hit by Tyler Pitlick.
1:59 of 3rd period - Snap shot by Luke Adam.
1:59 of 3rd period - Stopped by Mike Smith with a rebound.
2:01 of 3rd period - Slapshot by Matt Mackenzie.
2:01 of 3rd period - Stopped by Mike Smith without a rebound.
2:02 of 3rd period - Erik Haula wins face-off versus Petteri Nokelainen in Saguenéens zone.
2:02 of 3rd period - Erik Haula is hit by Mike Sauer.
2:08 of 3rd period - Slapshot by Brett Lebda.
2:08 of 3rd period - Shot Blocked by Adam McQuaid.
2:10 of 3rd period - Snap shot by Erik Haula.
2:10 of 3rd period - Shot Blocked by Adam McQuaid.
2:19 of 3rd period - Minor Penalty to Mike Sauer for Tripping.
2:20 of 3rd period - Brian Sutherby wins face-off versus Ryan Malone in Punishers zone.
2:28 of 3rd period - Wrist shot by Tyler Kennedy.
2:28 of 3rd period - Shot Hit the Post.
2:36 of 3rd period - Icing by Brian Sutherby.
2:37 of 3rd period - Ryan Malone wins face-off versus Brian Sutherby in Saguenéens zone.
2:52 of 3rd period - Wrist shot by Tyler Kennedy.
2:52 of 3rd period - Stopped by Kevin Poulin with a rebound.
3:09 of 3rd period - Snap shot by Petteri Nokelainen.
3:09 of 3rd period - Stopped by Mike Smith without a rebound.
3:10 of 3rd period - Erik Haula wins face-off versus Ryan Malone in Saguenéens zone.
3:24 of 3rd period - Slapshot by Tanner Glass.
3:24 of 3rd period - Shot Misses the Net.
3:42 of 3rd period - Luke Witkowski is hit by Alex Petrovic.
4:19 of 3rd period - Penalty to Mike Sauer is over, Mike Sauer is back on ice.
4:34 of 3rd period - Ryan Malone is hit by Rhett Rakhshani and loses puck.
5:07 of 3rd period - Icing by Juraj Mikus.
5:08 of 3rd period - Casey Cizikas wins face-off versus Juraj Mikus in Saguenéens zone.
5:45 of 3rd period - Alex Petrovic is hit by Tim Kennedy and loses puck.
6:08 of 3rd period - Wrist shot by Tim Kennedy.
6:08 of 3rd period - Shot Misses the Net.
6:10 of 3rd period - Snap shot by Tim Kennedy.
6:10 of 3rd period - Stopped by Kevin Poulin with a rebound.
6:12 of 3rd period - Wrist shot by Tyler Pitlick.
6:12 of 3rd period - Stopped by Kevin Poulin without a rebound.
6:13 of 3rd period - Brian Sutherby wins face-off versus Casey Cizikas in Punishers zone.
6:32 of 3rd period - Snap shot by Mason Raymond.
6:32 of 3rd period - Shot Hit the Post.
6:44 of 3rd period - Adam McQuaid is hit by Carl Hagelin and loses puck.
7:12 of 3rd period - Artemi Panarin is hit by Casey Cizikas and loses puck.
7:28 of 3rd period - Mason Raymond is hit by Luke Adam and loses puck.
7:58 of 3rd period - Icing by Luke Witkowski.
7:59 of 3rd period - Brandon McMillan wins face-off versus Erik Haula in Saguenéens zone.
8:02 of 3rd period - Slapshot by Tanner Glass.
8:02 of 3rd period - Shot Blocked by Spencer Machacek.
8:26 of 3rd period - Ryan Malone is hit by Spencer Machacek and loses puck.
8:31 of 3rd period - Snap shot by Spencer Machacek.
8:31 of 3rd period - Stopped by Kevin Poulin without a rebound.
8:32 of 3rd period - Miikka Salomaki wins face-off versus Brian Sutherby in Punishers zone.
8:32 of 3rd period - Miikka Salomaki is hit by Tyler Kennedy.
9:27 of 3rd period - Minor Penalty to Mike Sauer for Holding.
9:28 of 3rd period - Brian Sutherby wins face-off versus Ryan Malone in Punishers zone.
9:34 of 3rd period - Snap shot by Brian Sutherby.
9:34 of 3rd period - Shot Hit the Post.
9:36 of 3rd period - Snap shot by Mason Raymond.
9:36 of 3rd period - Stopped by Kevin Poulin without a rebound.
9:37 of 3rd period - Ryan Malone wins face-off versus Brian Sutherby in Punishers zone.
9:37 of 3rd period - Ryan Malone is hit by Tyler Kennedy.
10:05 of 3rd period - Snap shot by Tyler Kennedy.
10:05 of 3rd period - Stopped by Kevin Poulin with a rebound.
10:17 of 3rd period - Slapshot by Brian Sutherby.
10:17 of 3rd period - Deflect By Matt Mackenzie.
10:17 of 3rd period - Shot Blocked by Matt Mackenzie.
10:17 of 3rd period - Puck is out of play.
10:18 of 3rd period - Tanner Glass wins face-off versus Erik Haula in Punishers zone.
10:18 of 3rd period - Tanner Glass is hit by Luke Witkowski.
10:32 of 3rd period - Erik Haula is hit by Adam McQuaid.
10:48 of 3rd period - Tyler Kennedy is hit by Ryan Malone and loses puck.
11:27 of 3rd period - Penalty to Mike Sauer is over, Mike Sauer is back on ice.
11:55 of 3rd period - Rhett Rakhshani is hit by Radek Smolenak and loses puck.
12:49 of 3rd period - Brett Lebda is hit by Mike Blunden and loses puck.
13:04 of 3rd period - Snap shot by Luke Adam.
13:04 of 3rd period - Shot Blocked by Kevin Marshall.
13:06 of 3rd period - Slapshot by Mike Sauer.
13:06 of 3rd period - Shot Blocked by Brett Lebda.
13:23 of 3rd period - Carl Hagelin is hit by Mike Sauer and loses puck.
13:34 of 3rd period - Slapshot by Luke Witkowski.
13:34 of 3rd period - Stopped by Kevin Poulin with a rebound.
13:46 of 3rd period - Juraj Mikus is hit by Petteri Nokelainen and loses puck.
14:08 of 3rd period - Miikka Salomaki is hit by Spencer Machacek and loses puck.
15:44 of 3rd period - Roman Josi is hit by Miikka Salomaki and loses puck.
16:07 of 3rd period - Alex Petrovic is hit by Juraj Mikus and loses puck.
16:28 of 3rd period - Mike Blunden is hit by Tyler Kennedy and loses puck.
17:26 of 3rd period - Luke Witkowski is hit by Ryan Malone and loses puck.
18:55 of 3rd period - Punishers, Kevin Poulin is pulled from the net.
19:07 of 3rd period - Icing by Dylan DeMelo.
19:08 of 3rd period - Kevin Poulin from Punishers was sent back in the game.
19:08 of 3rd period - Petteri Nokelainen wins face-off versus Brian Sutherby in Punishers zone.
19:23 of 3rd period - Punishers, Kevin Poulin is pulled from the net.
19:26 of 3rd period - Icing by Brett Lebda.
19:27 of 3rd period - Brian Sutherby wins face-off versus Petteri Nokelainen in Saguenéens zone.
19:36 of 3rd period - Snap shot by Brian Sutherby.
19:36 of 3rd period - Goal by Brian Sutherby - Saguenéens : 4 - Punishers : 2.
19:36 of 3rd period - Kevin Poulin from Punishers was sent back in the game.
19:37 of 3rd period - Petteri Nokelainen wins face-off versus Brian Sutherby in neutral zone.
Goals for this period are 1 for Saguenéens vs 0 for Punishers.
Shots for this period are 11 for Saguenéens vs 3 for Punishers.
Back to the Top